 Dungeon Crawl Stone Soup version 0.18-a0-1303-g41c131c (webtiles) character file.

110 mrath the Digger (level 4, -1/24 HPs)
             Began as a Gargoyle Earth Elementalist on Feb 13, 2016.
             Killed from afar by totalnoob's ghost (9 damage)
             ... with a magic dart
             ... on level 3 of the Dungeon.
             The game lasted 00:20:58 (3427 turns).

mrath the Digger (Gargoyle Earth Elementalist)      Turns: 3427, Time: 00:20:58

Health: -1/24      AC:  6    Str: 11    XL:     4   Next: 91%
Magic:  9/9        EV: 12    Int: 17    God:
Gold:   101        SH:  0    Dex: 10    Spells: 2 memorised, 6 levels left

rFire  . . .     SeeInvis .     n - +0 short sword
rCold  . . .     Gourm    .     a - +0 robe
rNeg   + . .     Faith    .     (no shield)
rPois  ∞         Spirit   .     (no helmet)
rElec  +         Dismiss  .     (no cloak)
rCorr  .         Reflect  .     (no gloves)
SustAt .         Harm     .     i - +0 pair of boots
MR     .....                    (no amulet)
Stlth  ++........               (no ring)
                                (no ring)

@: not resistant to hostile enchantments, unstealthy
A: negative energy resistance 1, electricity resistance, unbreathing,
petrification resistance, rot immunity, AC +3
a: no special abilities


You were on level 3 of the Dungeon.
You were not hungry.

You visited 1 branch of the dungeon, and saw 3 of its levels.

You collected 101 gold pieces.

Inventory:

Hand Weapons
 n - a +0 short sword (weapon)
 o - a +0 spear
 B - a +0 blowgun
 C - a +3 short sword
Missiles
 b - 81 stones
 q - 3 javelins (quivered)
 x - 62 sling bullets
 A - 8 poisoned needles
Armour
 a - a +0 robe (worn)
 i - a +0 pair of boots (worn)
Jewellery
 g - an uncursed ring of flight {unknown}
 l - an uncursed ring of positive energy {unknown}
 H - an uncursed ring of sustain attributes {unknown}
Wands
 h - a wand of lightning (5/15)
Scrolls
 e - a scroll of random uselessness {unknown}
 j - a scroll of immolation {unknown}
 m - 2 scrolls of remove curse {unknown}
 p - a scroll of recharging {unknown}
 t - a scroll of blinking {unknown}
 u - 5 scrolls of identify {unknown}
 v - a scroll of fear {unknown}
 y - 2 scrolls of enchant weapon {unknown}
 z - a scroll of enchant armour {unknown}
 D - a scroll of fog {unknown}
 I - a scroll of teleportation {unknown}
Potions
 k - 2 potions of might {unknown}
 r - a potion of mutation {unknown}
 s - a potion of cure mutation {unknown}
 w - a potion of resistance {unknown}
 F - a potion of ambrosia {unknown}
Books
 c - a book of Geomancy

   Spells                             Type                      Level
   a - Sandblast                      Earth                        1
   b - Passwall                       Transmutation/Earth          2
   c - Stone Arrow                    Conjuration/Earth            3
   d - Petrify                        Transmutation/Earth          4
   e - Lee's Rapid Deconstruction     Earth                        5
Comestibles
 d - 2 bread rations
 f - 2 meat rations
 E - 2 fruits
 G - 2 chunks of flesh


   Skills:
 - Level 1.5 Dodging
 - Level 2.1 Stealth
 * Level 3.7 Spellcasting
 + Level 1.2 Conjurations
   Level 0.7 Transmutations
 + Level 4.6 Earth Magic


You had 6 spell levels left.
You knew the following spells:

 Your Spells              Type           Power        Failure   Level  Hunger
a - Sandblast             Erth           ###...       2%          1    None
b - Stone Arrow           Conj/Erth      ##....       17%         3    ###....


Dungeon Overview and Level Annotations

Branches:
Dungeon (3/15)

Altars:
Ashenzari
Fedhas
Nemelex Xobeh

Annotations:
D:3 totalnoob's ghost, amateur DgCj


Innate Abilities, Weirdness & Mutations

You are resistant to torment.
Your stone body is resilient (AC +3).
You are immune to poison.
You resist negative energy.
You are resistant to electric shocks.
You can survive without breathing.
You are immune to petrification.
You are immune to rotting.


Message History

The giant newt bites you.
You closely miss the giant newt. The giant newt closely misses you.
You barely miss the giant newt.
The giant newt bites you but does no damage.
You hit the giant newt.
You kill the giant newt!
You see here a giant newt corpse.
You butcher the giant newt corpse.
G - 2 chunks of flesh (gained 1)
You start resting.
HP restored.
Totalnoob's ghost casts a spell at you. The magic dart hits you!
Totalnoob's ghost hits you.
Totalnoob's ghost points at you and mumbles some strange words.
The spray of energy hits you!
* * * LOW HITPOINT WARNING * * *
Totalnoob's ghost points at you and mumbles some strange words.
The magic dart hits you!
You die...

.. #.## #.# ##.....##.
#..# #.# #.........
#.###.###.# #.#..)..##
#.....##..# . #[....#
#####.....###.##....##
#.#.......##.....#
#...##..####.....#
####W###..####.....#
#...@# #...........#
##.##.###.#.#..####.#
##..#................##
#..##..........#####...
#.###..........###.....
#.# #..<...............
#.###......)...###.....
##..............#
#...##
##..###..........#
#.#.##


You could see totalnoob's ghost.

Vanquished Creatures
  A hound skeleton (D:3)
  3 adders
  A worm (D:2)
  A giant gecko (D:3)
  5 orcs (D:3)
  3 giant cockroaches
  5 goblins
  9 hobgoblins
  4 jackals
  A quokka (D:2)
  12 bats
  A giant newt (D:3)
  7 kobolds
  9 rats
62 creatures vanquished.

Notes
Turn   | Place    | Note
--------------------------------------------------------------
     0 | D:1      | mrath the Gargoyle Earth Elementalist began the quest for the Orb.
     0 | D:1      | Reached XP level 1. HP: 10/10 MP: 3/3
   232 | D:1      | Reached XP level 2. HP: 15/15 MP: 3/5
   720 | D:1      | Reached skill level 4 in Earth Magic
   993 | D:1      | Reached XP level 3. HP: 19/19 MP: 4/7
   999 | D:1      | Learned a level 3 spell: Stone Arrow
  1811 | D:2      | Found a sparkling altar of Nemelex Xobeh.
  1812 | D:2      | Found a shattered altar of Ashenzari.
  1819 | D:2      | Found a blossoming altar of Fedhas.
  2046 | D:2      | Reached XP level 4. HP: 15/24 MP: 6/8
  2261 | D:3      | Reached skill level 1 in Conjurations
  2581 | D:3      | Noticed totalnoob's ghost (amateur DgCj)
  3427 | D:3      | Killed from afar by totalnoob's ghost

Vault maps used:
D:1:      dpeg_arrival_lava_temple_mockup, minmay_crystal_water
D:2:      minitemple, first_bread

Action                   |  1- 3 |  4- 6 || total
-------------------------+-------+-------++-------
Melee: Club              |    18 |       ||    18
       Short sword       |    20 |    18 ||    38
 Cast: Sandblast         |    64 |    44 ||   108
 Stab: Sleeping          |     2 |       ||     2
  Eat: Chunk             |     4 |     4 ||     8
